 Dungeon Crawl Stone Soup version 0.26.0-45-g9c1d065592 (webtiles) character file.

Game seed: 1081017244523159095

1292 kaeus the Firebug (level 8, 0/41 HPs)
             Began as a Gargoyle Fire Elementalist on Jan 27, 2021.
             Slain by an ogre
             ... wielding a +0 giant spiked club
              (14 damage)
             ... on level 6 of the Dungeon.
             The game lasted 00:08:00 (7473 turns).

kaeus the Firebug (Gargoyle Fire Elementalist)      Turns: 7473, Time: 00:08:01

Health: 0/41       AC: 14    Str: 12    XL:     8   Next: 56%
Magic:  3/14       EV: 11    Int: 18    God:
Gold:   248        SH:  5    Dex: 10    Spells: 7/15 levels left

rFire    + . .     SeeInvis .   e - +1 hand axe (venom)
rCold    + . .     Faith    .   (no shield)
rNeg     + . .     Spirit   .   A - +2 ring mail {rF+}
rPois    ∞         Reflect  +   o - +1 helmet
rElec    +         Harm     .   (no cloak)
rCorr    .         Rampage  .   (no gloves)
Will     .....                  (no boots)
Stlth    +.........             x - amulet of reflection
HPRegen  0.13/turn              c - ring of protection from cold
MPRegen  0.14/turn              (no ring)

@: no status effects
A: negative energy resistance 1, electricity resistance, unbreathing,
petrification resistance, miasma immunity, AC +5
a: no special abilities


You were on level 6 of the Dungeon.
You visited 1 branch of the dungeon, and saw 6 of its levels.

You collected 248 gold pieces.

Inventory:

Hand Weapons
 e - a +1 hand axe of venom (weapon)
 n - a +1 spectral club
 q - a +2 dagger of venom
Armour
 a - a +0 robe
 o - a +1 helmet (worn)
 A - a +2 ring mail of fire resistance (worn)
Jewellery
 c - a ring of protection from cold (left hand)
 l - an uncursed amulet of magic regeneration
 x - an amulet of reflection (around neck)
Wands
 w - a wand of disintegration (14)
Scrolls
 b - 5 scrolls of teleportation
 d - a scroll of enchant armour
 g - 2 scrolls of identify
 j - 2 scrolls of remove curse
 m - 2 scrolls of amnesia
 p - a scroll of fear {unknown}
 s - a scroll of blinking {unknown}
 y - a scroll of random uselessness {unknown}
 z - a scroll of enchant weapon {unknown}
Potions
 f - a potion of lignification {unknown}
 h - a potion of might {unknown}
 i - a potion of brilliance {unknown}
 k - a potion of attraction {unknown}
 r - a potion of flight {unknown}
 t - a potion of curing {unknown}
 u - a potion of haste {unknown}
 v - a potion of heal wounds {unknown}


   Skills:
 + Level 3.6 Dodging
 - Level 2.1 Stealth
 + Level 4.1 Spellcasting
 * Level 6.3 Conjurations
 * Level 6.6 Fire Magic


You had 7 spell levels left.
You knew the following spells:

 Your Spells              Type           Power        Failure   Level
a - Foxfire               Conj/Fire      100%         2%          1
b - Conjure Flame         Conj/Fire      27%          7%          3
c - Sticky Flame          Conj/Fire      27%          22%         4

Your spell library contained the following spells:

 Spells                   Type           Power        Failure   Level
 Inner Flame              Hex/Fire       15%          26%         3
 Fireball                 Conj/Fire      13%          54%         5


Dungeon Overview and Level Annotations

Branches:
Dungeon (6/15)
 Temple: D:4-7

Altars:
Kikubaaqudgha
Makhleb

Shops:
D:4 ?!(*


Innate Abilities, Weirdness & Mutations

You are resistant to torment.
Your stone body is resilient. (AC +5)
You are immune to poison.
You resist negative energy. (rN+)
You are resistant to electric shocks. (rElec)
You can survive without breathing.
You are immune to petrification.
You are immune to miasma.


Message History

You hit the gnoll.
You kill the gnoll!
The ogre hits you with a +0 giant spiked club!!
Ouch! That really hurt!
You take 23 damage, and have 14/41 hp.
MASSIVE DAMAGE!!
You hit the ogre.
The ogre is poisoned.
The ogre is lightly wounded.
You hit the ogre.
The ogre looks as sick as possible!
The ogre is moderately wounded.
The ogre barely misses you.
A gnoll comes into view.
You barely miss the ogre.
The ogre is heavily wounded.
You barely miss the gnoll. You block the ogre's attack.
The gnoll closely misses you.
You hit the ogre but do no damage.
The ogre looks as sick as possible!
The ogre is heavily wounded.
You closely miss the gnoll. The gnoll hits you but does no damage.
The ogre hits you with a +0 giant spiked club!
You die...

.... .#.##
....#####....##
#....#...#...#
###....#.#......
..............g..
.$.......?.....#..
...........g......
.....#....@O......
.......#)†####....
........†.# ..P .
#.......###P≈≈♣ #>
####...(....♣. #..
##.....).≈≈≈≈ ###..
#..(...†P)≈≈≈
##....###..##....P.≈≈
#..........##..#..≈≈♣


You could see an ogre (extremely poisoned) and 2 gnolls.

Vanquished Creatures
  A sky beast (D:6)
  2 centaurs (D:6)
  2 ogres
  2 howler monkeys (D:6)
  An electric eel (D:6)
  A centaur zombie (D:5)
  A bullfrog zombie (D:5)
  An orc priest (D:5)
  3 hounds
  A jelly (D:6)
  4 orc wizards
  4 worker ants
  A hound zombie (D:2)
  Robin (D:2)
  10 adders
  5 gnolls
  A shadow imp (D:5)
  An ooze (D:4)
  2 ufetubi
  2 adder zombies
  3 worms
  2 adder skeletons
  3 dart slugs
  6 leopard geckos
  19 orcs
  6 giant cockroaches
  10 goblins
  7 hobgoblins
  4 jackals (D:2)
  A quokka (D:4)
  A ball python (D:5)
  2 ball python skeletons
  5 bats
  3 frilled lizards
  A giant cockroach zombie (D:5)
  11 kobolds
  8 rats
138 creatures vanquished.

Vanquished Creatures (others)
  461 foxfires
  A plant (D:6)
462 creatures vanquished.

Grand Total: 600 creatures vanquished

Notes
Turn   | Place    | Note
-------+----------+-------------------------------------------
     0 | D:1      | kaeus the Gargoyle Fire Elementalist began the quest for
                  | the Orb.
     0 | D:1      | Reached XP level 1. HP: 10/10 MP: 3/3
   513 | D:1      | Reached XP level 2. HP: 15/15 MP: 0/5
  1256 | D:2      | Reached XP level 3. HP: 19/19 MP: 1/6
  1623 | D:2      | Reached XP level 4. HP: 24/24 MP: 2/7
  2318 | D:2      | Learned a level 3 spell: Conjure Flame
  2323 | D:2      | Learned a level 4 spell: Sticky Flame
  2325 | D:3      | Noticed Robin
  3522 | D:2      | Killed Robin
  3690 | D:3      | Reached XP level 5. HP: 28/28 MP: 5/8
  3753 | D:3      | Found an ancient bone altar of Kikubaaqudgha.
  4421 | D:3      | Reached XP level 6. HP: 32/32 MP: 8/10
  4834 | D:4      | Found Aryussom's Magic Scroll Emporium.
  4848 | D:4      | Found Ubbeoth's Distillery.
  5250 | D:4      | Found Deonot's Weapon Shoppe.
  5276 | D:4      | Found Bicygui's Assorted Antiques.
  5473 | D:4      | Reached skill level 5 in Fire Magic
  5473 | D:4      | Reached XP level 7. HP: 36/36 MP: 9/11
  5603 | D:5      | Entered Level 5 of the Dungeon
  5603 | D:5      | Found a burning altar of Makhleb.
  6057 | D:5      | Reached skill level 5 in Conjurations
  7327 | D:6      | Reached XP level 8. HP: 39/41 MP: 9/13
  7473 | D:6      | Slain by an ogre

Illustrated notes

Levels and vault maps discovered:
D:1:      minmay_arrival_five_plusses, layout_loops_ring, corexii_hall_statues_x
D:2:      layout_loops_ring
D:3:      layout_loops_ring, kiku_gazebo_pond_becter, uniq_robin
D:4:      layout_cave_pools, serial_shops, nicolae_shop_crystal, shop, shop,
          nicolae_shop_window_shopping
D:5:      minmay_bubble_buster, layout_loops_corners, basic_altar
D:6:      layout_rooms, minmay_temple_entry_nine_rooms, serial_bayou_pond_b

Skill      XL: |  1  2  3  4  5  6  7  8 |
---------------+-------------------------+-----
Conjurations   | 2 3 4 5 6 |  6.3
Dodging        | 2 3 |  3.6
Fire Magic     | 4 5 6 |  6.6
Spellcasting   | 3 4 |  4.1
Stealth        | |  2.1

Action                   |  1- 3 |  4- 6 |  7- 9 || total
-------------------------+-------+-------+-------++-------
Melee: Unarmed           |    10 |       |       ||    10
       Short sword       |    30 |    50 |       ||    80
       Club              |       |    51 |       ||    51
       Hand axe          |       |    15 |    90 ||   105
 Cast: Foxfire           |    69 |   188 |    85 ||   342
       Conjure Flame     |       |       |     1 ||     1
  Use: Scroll            |       |       |     6 ||     6
 Stab: Sleeping          |       |     2 |       ||     2
Armor: Robe              |    13 |    67 |    37 ||   117
       Ring mail         |       |       |    10 ||    10
Dodge: Dodged            |    28 |   126 |    49 ||   203
Block: Other             |       |       |     7 ||     7
       Reflection        |       |       |     1 ||     1
